 Dungeon Crawl Stone Soup version 0.19.1-1-g22dce08 (webtiles) character file.

63 McKennaii the Gusty (level 3, -3/21 HPs)
             Began as a High Elf Air Elementalist on Jan 7, 2017.
             Killed by divine providence
             ... invoked by an orc priest
              (11 damage)
             ... on level 3 of the Dungeon.
             The game lasted 00:05:12 (1557 turns).

McKennaii the Gusty (High Elf Air Elementalist)     Turns: 1557, Time: 00:05:12

Health: -3/21      AC:  2    Str:  7    XL:     3   Next: 87%
Magic:  1/8        EV: 12    Int: 20    God:
Gold:   114        SH:  0    Dex: 15    Spells: 3 memorised, 3 levels left

rFire  . . .     SeeInvis .     (no weapon)
rCold  . . .     Gourm    .     a - +0 robe
rNeg   . . .     Faith    .     (no shield)
rPois  .         Spirit   .     (no helmet)
rElec  .         Reflect  .     (no cloak)
rCorr  .         Harm     .     (no gloves)
MR     .....                    (no boots)
Stlth  ++........               (no amulet)
                                (no ring)
                                (no ring)

@: very slightly contaminated, drained
A: no striking features
a: no special abilities


You were on level 3 of the Dungeon.
You were hungry.

You visited 1 branch of the dungeon, and saw 4 of its levels.

You collected 114 gold pieces.

Inventory:

Armour
 a - a +0 robe (worn)
Jewellery
 f - a cursed amulet of inaccuracy {unknown}
Scrolls
 e - 2 scrolls of identify {unknown}
 g - a scroll of random uselessness {unknown}
 h - a scroll of teleportation {unknown}
 i - a scroll of enchant armour {unknown}
 k - a scroll of amnesia {unknown}
Potions
 d - a potion of haste {unknown}
 l - a potion of cancellation {unknown}
Books
 b - a book of Air

   Spells                             Type                      Level
   a - Shock                          Conjuration/Air              1
   b - Swiftness                      Charms/Air                   2
   c - Repel Missiles                 Charms/Air                   2
   d - Static Discharge               Conjuration/Air              3
   e - Lightning Bolt                 Conjuration/Air              5
Comestibles
 c - a bread ration
 j - 2 slices of pizza


   Skills:
 + Level 2.4(1.9) Dodging
 + Level 2.2(1.8) Stealth
 + Level 0.2(0.0) Unarmed Combat
 + Level 3.1(2.6) Spellcasting
 + Level 1.8(1.3) Conjurations
 + Level 4.7(4.2) Air Magic


You had 3 spell levels left.
You knew the following spells:

 Your Spells              Type           Power        Failure   Level  Hunger
a - Shock                 Conj/Air       ##..         4%          1    None
b - Swiftness             Chrm/Air       ##......     12%         2    ##.....
c - Repel Missiles        Chrm/Air       ##....       12%         2    ##.....


Dungeon Overview and Level Annotations

Branches:
Dungeon (4/15)
 Temple: D:4-7

Altars:

Annotations:
D:3 Ijyb


Message History

Found a scimitar.
Found 2 blue potions.
There is an open door here.
Casting: Shock
Confirm with . or Enter, or press ? or * to list all spells.
Aiming: Shock
Press: ? - help, Shift-Dir - straight line You miscast Shock.
You are very lightly contaminated with residual magic.
Nothing appears to happen.
You are feeling hungry.
The orc misses you.
Unknown command.
The orc hits you with a short sword of draining.
You feel drained.
The orc priest casts a cantrip, but nothing happens.
The orc priest calls down the wrath of Beogh upon you.
Beogh smites you!
Ouch! That really hurt!
You die...

#)# #.# ####....#
#.# #.......# #.#
#.......# #.#
#.......#
##'#######....)..#
.........#.......#
.........#.......#
.........'..o.o.@+
..)......#.......#
........o#.......#
.........#.......#
.........#...#####
.........#..!#
.........#...#
##########...#
#####


You could see an orc priest and an orc.

Vanquished Creatures
  An adder (D:2)
  2 oozes (D:2)
  A leopard gecko (D:2)
  4 orcs
  7 bats
  A giant cockroach (D:4)
  4 goblins (D:1)
  4 hobgoblins (D:1)
  3 frilled lizards
  A jackal skeleton (D:4)
  8 kobolds
  3 rats
39 creatures vanquished.

Notes
Turn   | Place    | Note
-------+----------+-------------------------------------------
     0 | D:1      | McKennaii the High Elf Air Elementalist began the quest for the Orb.
     0 | D:1      | Reached XP level 1. HP: 11/11 MP: 4/4
    83 | D:1      | Reached skill level 4 in Air Magic
    96 | D:1      | Reached XP level 2. HP: 16/17 MP: 1/6
   103 | D:1      | Learned a level 2 spell: Swiftness
   106 | D:1      | Learned a level 2 spell: Repel Missiles
   881 | D:2      | Reached XP level 3. HP: 21/21 MP: 1/8
  1102 | D:2      | You fall through a shaft for 2 floors!
  1178 | D:3      | Noticed Ijyb
  1192 | D:3      | HP: 1/21 [disintegration (20)]
  1557 | D:3      | Killed from afar by an orc priest

Skill      XL: |  1  2  3 |
---------------+----------+-----
Air Magic      | 4 |  4.7
Spellcasting   | 3 |  3.1
Dodging        | |  2.4
Stealth        | |  2.2
Unarmed Combat | |  0.2
Conjurations   | |  1.8

Action                   || total
-------------------------++-------
Melee: Unarmed           ||    39
 Cast: Shock             ||    87
  Eat: Pizza             ||     1
Armor: Robe              ||     9
Dodge: Dodged            ||    39
